 Dungeon Crawl Stone Soup version 0.29-a0-91-gdebf4667c2 (webtiles) character file.

Game seed: 15053813084144099563

76 enile the Bolt Thrower (level 4, 0/32 HPs)
             Began as a Gnoll Wanderer on Feb 8, 2022.
             Was a Follower of Kikubaaqudgha.
             Succumbed to a kobold brigand's poison
             ... in a sewer.
             The game lasted 00:03:35 (1903 turns).

enile the Bolt Thrower (Gnoll Wanderer)             Turns: 1903, Time: 00:03:36

Health: 0/32       AC:  4    Str: 14    XL:     4   Next: 32%
Magic:  5/11       EV: 11    Int: 10    God:    Kikubaaqudgha [*.....]
Gold:   128        SH:  4    Dex: 12    Spells: 11/13 levels left

rFire   . . .      SeeInvis .   a - +2 hand crossbow
rCold   . . .      Faith    .   c - +0 buckler
rNeg    . . .      Spirit   .   d - +0 leather armour
rPois   .          Reflect  .   h - +0 helmet
rElec   .          Harm     .   (no cloak)
rCorr   .          Rampage  .   (no gloves)
Will    .....                   (no boots)
Stlth   +.........              (no amulet)
HPRegen 0.10/turn               (no ring)
MPRegen 0.12/turn               (no ring)

@: lethally poisoned (0 -> -12), very slightly contaminated, invisible, very
slow
A: fangs 1, strong nose, distributed training
a: Renounce Religion, Receive Corpses


You were in a sewer.
You worshipped Kikubaaqudgha.
Kikubaaqudgha was aware of your devotion.
You visited 1 branch of the dungeon, and saw 4 of its levels.
You also visited: Sewer.

You collected 128 gold pieces.

Inventory:

Hand Weapons
 a - a +2 hand crossbow (weapon)
Missiles
 i - 3 boomerangs (quivered)
Armour
 c - a +0 buckler (worn)
 d - a +0 leather armour (worn)
 h - a +0 helmet (worn)
 l - a +0 pair of boots
Scrolls
 e - a scroll of immolation {unknown}
 j - a scroll of fear {unknown}
 k - 2 scrolls of teleportation {unknown}
 m - a scroll of identify {unknown}
 n - a scroll of amnesia {unknown}
 o - a scroll of blinking {unknown}
 p - a scroll of summoning {unknown}


   Skills:
 + Level 1.1 Fighting
 + Level 1.1 Short Blades
 + Level 1.1 Long Blades
 + Level 1.1 Axes
 + Level 1.1 Maces & Flails
 + Level 1.1 Polearms
 + Level 1.1 Staves
 + Level 1.1 Slings
 + Level 1.1 Bows
 + Level 6.6 Crossbows
 + Level 1.1 Throwing
 + Level 2.7 Armour
 + Level 1.1 Dodging
 + Level 1.1 Stealth
 + Level 2.7 Shields
 + Level 1.1 Unarmed Combat
 + Level 5.0 Spellcasting
 + Level 0.8 Conjurations
 + Level 0.8 Hexes
 + Level 0.8 Summonings
 + Level 0.8 Necromancy
 + Level 0.8 Translocations
 + Level 0.8 Transmutations
 + Level 0.8 Fire Magic
 + Level 0.8 Ice Magic
 + Level 5.4 Air Magic
 + Level 0.8 Earth Magic
 + Level 0.8 Poison Magic
 + Level 1.2 Invocations
 + Level 1.1 Evocations


You had 11 spell levels left.
You knew the following spells:

 Your Spells              Type           Power      Damage    Failure   Level
a - Poisonous Vapours     Pois/Air       16%        N/A       16%         2

Your spell library contained the following spells:

 Spells                   Type           Power      Damage    Failure   Level
 Static Discharge         Conj/Air       8%         N/A       16%         2
 Animate Skeleton         Necr           8%         N/A       26%         1
 Sublimation of Blood     Necr           4%         N/A       38%         2
 Vampiric Draining        Necr           4%         2d6       63%         3
 Agony                    Necr           4%         N/A       100%        5


Dungeon Overview and Level Annotations

Branches:
Dungeon (3/15)              Sewer (1/1)

Altars:
Kikubaaqudgha
Trog


Innate Abilities, Weirdness & Mutations

You have very sharp teeth.
Your uncanny sense of smell can sniff out nearby items.
Your experience applies equally to all skills.


Message History

...and don't expect to remain undetected.
* * * LOW HITPOINT WARNING * * *
You feel very sick.
The kobold brigand throws a poisoned dart.
The poisoned dart completely misses you.
You feel sick.
You enter the shallow water.
Moving in this stuff is going to be slow. ...and don't expect to remain undetected.
You feel sick.
The kobold brigand throws a poisoned dart.
The poisoned dart barely misses you.
You feel sick.
The kobold brigand throws a poisoned dart.
The poisoned dart closely misses you.
Casting: Poisonous Vapours (safe; 16% risk of failure)
Confirm with . or Enter, or press ? or * to list all spells.
Aiming: Poisonous Vapours (safe; 16% risk of failure)
Press: ? - help, Dir - move target, f/p - kobold brigand
Aim: a kobold brigand, wielding a +0 club and quivering poisoned darts (severely wounded, poisoned) Poisonous vapours surround the kobold brigand!
The kobold brigand looks even sicker.
You feel sick.
You feel sick.
You are no longer poisoned.
You enter the shallow water.
Moving in this stuff is going to be slow. ...and don't expect to remain undetected.
The kobold brigand looks more healthy.
The kobold brigand throws a poisoned dart.
The poisoned dart hits you!
You are lethally poisoned!
Casting: Poisonous Vapours (safe; 16% risk of failure)
Confirm with . or Enter, or press ? or * to list all spells.
Aiming: Poisonous Vapours (safe; 16% risk of failure)
Press: ? - help, Dir - move target, f/p - kobold brigand
Aim: a kobold brigand, wielding a +0 club and quivering poisoned darts (almost dead) Poisonous vapours surround the kobold brigand!
The kobold brigand is poisoned.
You die...
Kikubaaqudgha rasps: "You have failed me!
Welcome... death!"

#≈###≈# #≈###≈#
#≈≈.≈≈# #≈≈≈≈≈#
##≈≈≈## ##≈≈.##
#...# #.≈.# #.≈.#
#.≈≈# #..≈## ##K≈≈#
#≈≈.≈## ##..≈.#
#..≈≈≈#####K≈≈≈.#
##.≈≈..@≈≈≈≈..≈##
###.≈≈≈≈≈≈≈.###
##...≈...##
##..≈≈...##
≈.##≈≈≈.≈≈≈≈≈##≈
.≈≈...≈.≈..≈≈≈≈≈
#...≈≈....≈..≈..≈≈
#≈≈≈.≈≈..∩...≈≈≈≈≈#
#.≈≈≈≈≈......≈≈≈≈≈#


You could see a kobold brigand (poisoned).

Vanquished Creatures
  An adder (D:2)
  A worm (Sewer)
  A dart slug (D:3)
  4 ball pythons
  8 endoplasms
  2 giant cockroaches
  5 goblins
  6 hobgoblins
  2 jackals (D:1)
  2 quokkas (D:1)
  6 bats
  2 frilled lizards
  11 kobolds
  5 rats
56 creatures vanquished.

Notes
Turn   | Place    | Note
-------+----------+-------------------------------------------
     0 | D:1      | enile the Gnoll Wanderer began the quest for the Orb.
     0 | D:1      | enile set off with the following items: a +2 hand crossbow,
                  | 26 bolts, a +0 buckler, a +0 leather armour; and the
                  | following spells available to memorise: Poisonous Vapours,
                  | Static Discharge
     0 | D:1      | Reached XP level 1. HP: 13/13 MP: 6/6
   106 | D:1      | Reached XP level 2. HP: 19/19 MP: 7/7
   559 | D:1      | Reached XP level 3. HP: 25/25 MP: 9/9
   562 | D:1      | Learned a level 2 spell: Poisonous Vapours
   643 | D:1      | Reached skill level 5 in Spellcasting
  1239 | D:2      | Found a bloodstained altar of Trog.
  1259 | D:2      | Found a faded altar of an unknown god.
  1268 | D:2      | Prayed at the altar of an unknown god.
  1268 | D:2      | Became a worshipper of Kikubaaqudgha
  1268 | D:2      | Reached * piety under Kikubaaqudgha
  1268 | D:2      | Received a gift from Kikubaaqudgha
  1313 | D:2      | Reached skill level 1 in Invocations
  1416 | D:2      | Reached skill level 1 in Fighting
  1416 | D:2      | Reached skill level 1 in Short Blades
  1416 | D:2      | Reached skill level 1 in Long Blades
  1416 | D:2      | Reached skill level 1 in Axes
  1416 | D:2      | Reached skill level 1 in Maces & Flails
  1416 | D:2      | Reached skill level 1 in Polearms
  1416 | D:2      | Reached skill level 1 in Staves
  1416 | D:2      | Reached skill level 1 in Slings
  1416 | D:2      | Reached skill level 1 in Bows
  1416 | D:2      | Reached skill level 1 in Throwing
  1416 | D:2      | Reached skill level 1 in Dodging
  1416 | D:2      | Reached skill level 1 in Stealth
  1416 | D:2      | Reached skill level 1 in Unarmed Combat
  1416 | D:2      | Reached skill level 1 in Evocations
  1463 | D:2      | Reached XP level 4. HP: 28/32 MP: 11/11
  1730 | D:3      | You fall into a shaft and drop 1 floor!
  1730 | D:4      | Found a glowing drain.
  1738 | Sewer    | Entered a sewer
  1875 | Sewer    | Noticed a kobold brigand
  1903 | Sewer    | Succumbed to a kobold brigand's poison

Illustrated notes

Levels and vault maps discovered:
D:1:      amcnicky_arrival_blooded_trapdoor, layout_loops_ring,
          serial_co_window_serial, co_window_paths_a, co_window_paths_a,
          co_window_paths_a, co_window_paths_a, co_window_corner_a,
          co_window_broadway_c, co_window_of_opportunity_c,
          co_window_unsneaky_path_c, co_window_sun, glass_columns_a,
          minmay_misc_feat_columns, minivault_19
D:2:      layout_rooms, dreamdust_ecumenical_altar_grove, basic_altar,
          grunt_decor_arrowhead
D:3:      layout_basic, minmay_crystal_water, chequers_serial_rivers_micro_d
D:4:      layout_basic, mainiacjoe_overflow_tiny_flanked,
          gammafunk_ghost_cemetery, cheibrodos_sewer_entry_sluice,
          minmay_manual_monolith, uniq_natasha
Sewer:    sewer_co_tree

Skill      XL: |  1  2  3 |
---------------+----------+-----
Spellcasting   | 5 |  5.0
Invocations    | 1 |  1.2
Fighting       | 1 |  1.1
Short Blades   | 1 |  1.1
Long Blades    | 1 |  1.1
Axes           | 1 |  1.1
Maces & Flails | 1 |  1.1
Polearms       | 1 |  1.1
Staves         | 1 |  1.1
Slings         | 1 |  1.1
Bows           | 1 |  1.1
Throwing       | 1 |  1.1
Dodging        | 1 |  1.1
Stealth        | 1 |  1.1
Unarmed Combat | 1 |  1.1
Evocations     | 1 |  1.1
Crossbows      | |  6.6
Armour         | |  2.7
Shields        | |  2.7
Conjurations   | |  0.8
Hexes          | |  0.8
Summonings     | |  0.8
Necromancy     | |  0.8
Translocations | |  0.8
Transmutations | |  0.8
Fire Magic     | |  0.8
Ice Magic      | |  0.8
Air Magic      | |  5.4
Earth Magic    | |  0.8
Poison Magic   | |  0.8

Action                   |  1- 3 |  4- 6 || total
-------------------------+-------+-------++-------
 Fire: Hand crossbow     |    93 |    26 ||   119
Throw: Boomerang         |       |    14 ||    14
 Cast: Poisonous Vapours |     6 |     3 ||     9
  Use: Potion            |       |     3 ||     3
Armor: Leather armour    |     5 |       ||     5
Dodge: Dodged            |    14 |    14 ||    28
Block: Buckler           |    10 |     2 ||    12

Table legend: (Time is in decaauts)
 A = Elapsed time spent in this place.
 B = Non-inter-level travel time spent in this place.
 C = Inter-level travel time spent in this place.
 D = Time resting spent in this place.
 E = Time spent auto-exploring this place.
 F = Levels seen in this place.
 G = Mean time per level.
                   A        B        C        D        E       F      G
               +--------+--------+--------+--------+--------+-----+--------+
         Total |   1982 |   1895 |     87 |      0 |   1522 |   5 |  396.4 |
       Dungeon |   1761 |   1674 |     87 |      0 |   1367 |   4 |  440.2 |
         Sewer |    221 |    221 |      0 |      0 |    155 |   1 |  221.0 |
               +--------+--------+--------+--------+--------+-----+--------+

Top non-repeatable levels by time:
     D:1: 1191 daAuts
     D:2: 495 daAuts
   Sewer: 221 daAuts
     D:3: 66 daAuts
     D:4: 7 daAuts
